 Dungeon Crawl Stone Soup version 0.27.0-1-g7a089689b8 (webtiles) character file.

Game seed: 11152345866008651664

296 ZARRMARR the Chopper (level 6, -5/53 HPs)
             Began as a Hill Orc Monk on Aug 1, 2021.
             Slain by a phantom (8 damage)
             ... on level 6 of the Dungeon.
             The game lasted 00:17:58 (3954 turns).

ZARRMARR the Chopper (Hill Orc Monk)                Turns: 3954, Time: 00:17:59

Health: -5/53      AC:  9    Str: 20    XL:     6   Next: 34%
Magic:  6/6        EV: 12    Int: 10    God:
Gold:   139        SH:  0    Dex: 13    Spells: 5/5 levels left

rFire    . . .     SeeInvis .   a - +1 hand axe
rCold    . . .     Faith    +   (no shield)
rNeg     . . .     Spirit   .   d - +3 ring mail {Will+}
rPois    .         Reflect  .   e - +0 helmet
rElec    +         Harm     .   (no cloak)
rCorr    +         Rampage  .   (no gloves)
Will     +++..                  (no boots)
Stlth    +.........             b - amulet of Vaschaof {Faith rElec Will++ Str+4}
HPRegen  0.17/turn              i - ring of resist corrosion
MPRegen  0.10/turn              (no ring)

@: no status effects
A: no striking features
a: no special abilities


You were on level 6 of the Dungeon.
You visited 1 branch of the dungeon, and saw 5 of its levels.

You collected 139 gold pieces.

Inventory:

Hand Weapons
 a - a +1 hand axe (weapon)
Missiles
 c - 164 stones
 j - 55 poisoned darts (quivered)
Armour
 d - a +3 ring mail of willpower (worn)
 e - a +0 helmet (worn)
Jewellery
 b - the amulet of Vaschaof (around neck) {Faith rElec Will++ Str+4}
   (You acquired it on level 2 of the Dungeon)

   [amulet of faith]

   It allows you to gain divine favour quickly.
   Str:       It affects your strength (+4).
   rElec:     It insulates you from electricity.
   Will:      It greatly increases your willpower.
 i - a ring of resist corrosion (left hand)
Potions
 f - a potion of curing
 g - 2 potions of attraction


   Skills:
 + Level 4.4 Fighting
 + Level 6.1 Axes
 + Level 2.6 Throwing
 + Level 1.1 Armour
 + Level 3.2 Dodging
 + Level 2.1 Stealth


You had 5 spell levels left.
You didn't know any spells.
Your spell library contained the following spells:

 Spells                   Type           Power      Damage    Failure   Level
 Animate Skeleton         Necr           0%         N/A       54%         1


Dungeon Overview and Level Annotations

Branches:
Dungeon (4/15)
 Temple: D:4-7

Altars:
Elyvilon

Shops:
D:1 :


Message History

The shadow imp closely misses you.
You closely miss the phantom.
The phantom is severely damaged.
You barely miss the shadow imp. You hit something but do no damage.
You closely miss the black bear. Something barely misses you.
The phantom barely misses you. The black bear misses you.
The black bear claws you but does no damage.
The black bear claws you. The shadow imp barely misses you.
You closely miss the phantom.
The phantom is severely damaged.
You barely miss the shadow imp. You miss something. You hit something.
You hit the black bear. Something hits you but does no damage.
You hear some strange, mumbled words.
A magic dart appears from out of thin air!
The magic dart hits you.
* * * LOW HITPOINT WARNING * * *
The phantom hits you!
* * * LOW HITPOINT WARNING * * *
The black bear completely misses you. x2
The black bear claws you but does no damage.
The shadow imp gestures at you. You resist with almost no effort.
You hit the phantom.
The phantom is almost destroyed.
You hit the black bear but do no damage.
Your ring mail prevents you from hitting something.
You hit something. You closely miss the shadow imp. Something hits you.
* * * LOW HITPOINT WARNING * * *
The phantom barely misses you. The black bear barely misses you. x2
The black bear claws you but does no damage.
The shadow imp closely misses you.
You hit the phantom.
The phantom is almost destroyed.
You hit the black bear. You miss something. You barely miss something.
You hit the shadow imp. Something hits you but does no damage.
The phantom hits you.
* * * LOW HITPOINT WARNING * * *
The phantom blinks!
You blink.
The phantom hits you!
You die...

#.........# #.........#
#.......>.##
...........########
.........5........##
#..........[{.......
#.........h.......#
##########.W......#
###@##..## # ##.#
#.....### #..######....
##### ####.#.......#.#
.....##..)...#######.#####
. #[...####........#...#
....###...## #........#.#
#.....### #..........#
####....# #..........#


You could see a phantom, a black bear and a shadow imp.

Vanquished Creatures
  A water moccasin (D:6)
  A centaur skeleton (D:6)
  A bullfrog skeleton (D:6)
  A jelly (D:6)
  An orc wizard (D:6)
  An adder (D:4)
  A worm (D:3)
  2 dart slugs (D:1)
  5 orcs (D:3)
  13 ball pythons
  2 endoplasms
  A giant cockroach (D:3)
  4 hobgoblins
  4 jackals (D:2)
  5 kobolds
  5 quokkas
  2 bats (D:1)
  5 frilled lizards
  4 goblins
  4 rats
63 creatures vanquished.

Vanquished Creatures (others)
  A plant (D:1)
1 creature vanquished.

Grand Total: 64 creatures vanquished

Notes
Turn   | Place    | Note
-------+----------+-------------------------------------------
     0 | D:1      | ZARRMARR the Hill Orc Monk began the quest for the Orb.
     0 | D:1      | Reached XP level 1. HP: 19/19 MP: 1/1
   149 | D:1      | Reached XP level 2. HP: 18/27 MP: 2/2
   743 | D:1      | Found Cavaetai's Book Shoppe.
   833 | D:1      | Reached XP level 3. HP: 28/33 MP: 3/3
   983 | D:1      | Found a faded altar of an unknown god.
   989 | D:1      | Got Plato's Reference Book on Necromancy
  1541 | D:2      | You fall into a shaft and drop 1 floor!
  1830 | D:3      | Reached skill level 1 in Throwing
  2289 | D:2      | Reached XP level 4. HP: 35/40 MP: 4/4
  3099 | D:2      | Identified a scroll of acquirement
  3099 | D:2      | Acquired the amulet of Vaschaof {Faith rElec Will++ Str+4}
  3254 | D:3      | Reached skill level 5 in Axes
  3480 | D:4      | Found a white marble altar of Elyvilon.
  3520 | D:4      | You fall into a shaft and drop 2 floors!
  3524 | D:6      | Noticed a water moccasin
  3551 | D:6      | Killed a water moccasin
  3552 | D:6      | Reached XP level 5. HP: 21/46 MP: 5/5
  3816 | D:6      | Reached XP level 6. HP: 50/53 MP: 6/6
  3879 | D:6      | Reached skill level 6 in Axes
  3879 | D:6      | Reached skill level 1 in Armour
  3938 | D:6      | Noticed a black bear
  3954 | D:6      | Slain by a phantom

Illustrated notes

Levels and vault maps discovered:
D:1:      dpeg_arrival_three_smaller_balls, layout_basic,
          shapermc_ecumenical_altar_rom_forum, serial_shops, shop, minivault_14
D:2:      layout_basic
D:3:      layout_basic
D:4:      layout_basic, elyvilon_altar_3, mainiacjoe_overflow_catch_the_wave,
          serial_shops, shop
D:6:      layout_rooms

Skill      XL: |  1  2  3  4  5  6 |
---------------+-------------------+-----
Fighting       | 4 |  4.4
Throwing       | 1 2 |  2.6
Axes           | 5 6 |  6.1
Dodging        | 3 |  3.2
Stealth        | 2 |  2.1
Armour         | 1 |  1.1

Action                   |  1- 3 |  4- 6 || total
-------------------------+-------+-------++-------
Melee: Hand axe          |   134 |    88 ||   222
Throw: Stone             |    78 |     3 ||    81
       Dart              |       |    41 ||    41
  Use: Scroll            |     4 |     6 ||    10
       Potion            |       |     3 ||     3
 Stab: Sleeping          |     3 |       ||     3
Armor: Robe              |    26 |     1 ||    27
       Ring mail         |       |    39 ||    39
       Skin              |       |    10 ||    10
Dodge: Dodged            |    76 |    61 ||   137
